 Dungeon Crawl Stone Soup version 0.30-a0-4-ga7cffc901d (webtiles) character file.

Game seed: 5442530701636026177

1585 drugrobin the Sneak (level 8, 0/94 HPs)
             Began as a Demigod Delver on Aug 21, 2022.
             Slain by a gnoll
             ... wielding a +0 halberd
             ... led by a gnoll bouda
              (3 damage)
             ... on level 6 of the Dungeon.
             The game lasted 00:16:30 (6616 turns).

drugrobin the Sneak (Demigod Delver)                Turns: 6616, Time: 00:16:30

Health: 0/94       AC:  5    Str: 17    XL:     8   Next: 34%
Magic:  10/10      EV: 12    Int: 12    God:
Gold:   268        SH:  5    Dex: 19    Spells: 2/7 levels left

rFire   . . .      SeeInvis .    a - +2 dagger (drain)
rCold   . . .      Faith    .    (no shield)
rNeg    . . .      Spirit   .    m - +0 robe
rPois   .          Reflect  +    B - +0 helmet
rElec   .          Harm     .    F - +0 cloak
rCorr   .          Rampage  .    (no gloves)
Will    .....                    t - +0 pair of boots
Stlth   ..........               i - amulet of reflection
HPRegen 0.25/turn                (no ring)
MPRegen 0.12/turn                (no ring)

@: mighty, berserking, very quick
A: high MP 1, forlorn, divine attributes
a: no special abilities


You were on level 6 of the Dungeon.
You visited 1 branch of the dungeon, and saw 6 of its levels.
You also visited: Ossuary.

You collected 268 gold pieces.

Inventory:

Hand Weapons
 a - a +2 dagger of draining (weapon)
 G - the +4 hammer of the Endless March {holy, SInv}
   (You found it on level 5 of the Dungeon)

   It has been blessed by the Shining One to cause great damage to the undead
   and demons.
   SInv:      It lets you see invisible.
Missiles
 y - 3 poisoned darts (quivered)
Armour
 b - a +0 leather armour
 m - a +0 robe (worn)
 t - a +0 pair of boots (worn)
 B - a +0 helmet (worn)
 F - a +0 cloak (worn)
Jewellery
 i - an amulet of reflection (around neck)
 z - a ring of ice
Wands
 g - a wand of digging (3)
Scrolls
 c - a scroll of fog
 d - 3 scrolls of magic mapping
 e - a scroll of fear
 k - 4 scrolls of blinking {unknown}
 o - 2 scrolls of amnesia {unknown}
 r - a scroll of enchant weapon
 s - 3 scrolls of teleportation
 v - 3 scrolls of poison {unknown}
 w - a scroll of vulnerability
 x - a scroll of butterflies
 D - 2 scrolls of immolation
 I - a scroll of enchant armour {unknown}
Potions
 f - 2 potions of haste
 j - 2 potions of mutation
 l - 4 potions of curing
 n - 3 potions of brilliance
 p - 3 potions of berserk rage
 q - 5 potions of attraction
 u - 4 potions of flight {unknown}
 A - a potion of resistance {unknown}
 C - 3 potions of might
 E - 2 potions of lignification {unknown}
 J - 2 potions of heal wounds {unknown}


   Skills:
 - Level 3.0 Fighting
 * Level 6.8 Short Blades
 - Level 2.1 Dodging
 + Level 6.9 Stealth
 + Level 4.0 Hexes
 - Level 3.1 Evocations


You had 2 spell levels left.
You knew the following spells:

 Your Spells              Type           Power      Damage    Failure   Level
a - Confusing Touch       Hex            9%         N/A       19%         3
b - Slow                  Hex            36%        N/A       6%          1
c - Beastly Appendage     Tmut           0%         N/A       32%         1

Your spell library contained the following spells:

 Spells                   Type           Power      Damage    Failure   Level
 Sting                    Tmut/Pois      0%         1d3       32%         1
 Poisonous Vapours        Pois/Air       0%         N/A       45%         2
 Wereblood                Tmut           0%         N/A       45%         2
 Dazzling Flash           Conj/Hex       8%         N/A       41%         3
 Spider Form              Tmut/Pois      0%         N/A       69%         3
 Stone Arrow              Conj/Erth      0%         3d7       69%         3
 Vampiric Draining        Necr           0%         2d6       69%         3
 Animate Armour           Summ/Erth      0%         N/A       97%         4
 Olgreb's Toxic Radiance  Pois           0%         N/A       97%         4
 Silence                  Hex/Air        2%         N/A       99%         5
 Agony                    Necr           0%         N/A       100%        5
 Lehudib's Crystal Spear  Conj/Erth      0%         10d2      100%        8


Dungeon Overview and Level Annotations

Branches:
Dungeon (6/15)             Temple (0/1) D:4         Ossuary (visited)

Portals:
Sewer: D:6

Annotations:
D:4 2 transporters, markstv's ghost, amateur HuIE


Innate Abilities, Weirdness & Mutations

You have an increased reservoir of magic. (+10% MP)
You shall have no god before yourself.
Your divine heritage dramatically boosts your attributes as you level up.


Message History

The gnoll bouda is heavily wounded.
Unknown command.
Unknown command.
Unknown command.
You hit the gnoll bouda.
The gnoll bouda is almost dead.
The gnoll bouda barks out a call to the hunt!
The gnoll picks up the pace!
The gnoll hits you but does no damage.
Unknown command.
Unknown command.
Unknown command.
You puncture the gnoll bouda!
You kill the gnoll bouda!
Your attacks no longer feel as feeble.
The gnoll hits you but does no damage.
Unknown command.
Unknown command.
You closely miss the gnoll. The gnoll closely misses you.
Unknown command.
Unknown command.
You puncture the gnoll!
You kill the gnoll!
The gnoll is no longer moving quickly.
The gnoll hits you from afar with a +0 halberd!
* * * LOW HITPOINT WARNING * * *
Unknown command.
Unknown command.
Unknown command.
Unknown command.
It was a potion of berserk rage.
A red film seems to cover your vision as you go berserk!
You feel yourself moving faster!
You feel mighty!
A gnoll comes into view. It is wielding a +0 halberd.
The black bear misses you. x2; The black bear claws you.
* * * LOW HITPOINT WARNING * * *
The gnoll hits you from afar with a +0 halberd.
* * * LOW HITPOINT WARNING * * *
The gnoll hits you from afar with a +0 halberd.
You die...

,,,,,,,,,,,*,######...#######....
,,,,,,,,,,,,,....................
,,,,,,,,,,,,,,..............†....
,,,*,,,,,*,*,,...............#...
,,,*,,,.**,****####...########.#.
,,,*,,,,..,* #...# #.#.
*******.##.##### #...# #.#$
****,........####.g.### #.##
*,,,,.......gh@†>.)...# #.#
*,,,,..~~~..g#)†#...#.# *.#
***,*,,.~~~~~..#..#.....# *,*
,,,,,,,.~~∩~~......<....#*****,**
***,**,.~~~~~..#..#.......,,,*,,,
*,**,..~~~....$.......###*,****
*,,,,.................# *,*
****,........##..?....# *,*
*,,**###..*#.##*##.****,*


You could see a black bear and 3 gnolls.

Vanquished Creatures
  A water moccasin (D:6)
  A black bear (D:4)
  2 centaurs (D:5)
  5 water moccasin zombies (Ossuary)
  5 scorpions
  2 howler monkeys
  Crazy Yiuf (D:5)
  A gnoll bouda (D:6)
  Ijyb (D:5)
  3 iguanas
  An orc wizard (D:5)
  2 mummies (Ossuary)
  Robin (D:3)
  6 gnolls
  16 adders
  2 river rats (D:6)
  5 adder zombies (Ossuary)
  2 worms
  6 orcs
  8 ball pythons
  5 endoplasms
  6 giant cockroaches
  4 gnoll zombies (Ossuary)
  16 goblins
  12 hobgoblins
  2 jackals (D:5)
  3 kobolds
  6 quokkas
  12 bats
  6 frilled lizards
  5 hobgoblin zombies (Ossuary)
  2 kobold zombies (Ossuary)
  3 orc zombies (Ossuary)
  5 rats
  A spectral hobgoblin (D:2)
159 creatures vanquished.

Vanquished Creatures (others)
  4 fungi (D:5)
  A plant (D:5)
5 creatures vanquished.

Grand Total: 164 creatures vanquished

Notes
Turn   | Place    | Note
-------+----------+-------------------------------------------
     0 | D:5      | drugrobin the Demigod Delver began the quest for the Orb.
     0 | D:5      | Reached XP level 1. HP: 18/18 MP: 3/3
    35 | D:5      | Noticed Ijyb
    54 | D:5      | Killed Ijyb
    55 | D:5      | Reached XP level 2. HP: 26/26 MP: 4/4
   118 | D:4      | Noticed a howler monkey
   482 | D:3      | Reached XP level 3. HP: 31/31 MP: 5/5
   863 | D:3      | Noticed Robin
   880 | D:3      | Killed Robin
  1268 | D:2      | Reached skill level 5 in Stealth
  1268 | D:2      | Reached skill level 1 in Evocations
  1268 | D:2      | Reached XP level 4. HP: 30/38 MP: 6/6
  1424 | D:2      | Learned a level 3 spell: Confusing Touch
  2684 | D:2      | Reached XP level 5. HP: 43/45 MP: 7/7
  2766 | D:2      | Reached skill level 1 in Hexes
  3496 | D:4      | Noticed a black bear
  3499 | D:4      | Killed a black bear
  3509 | D:4      | Learned a level 1 spell: Slow
  3532 | D:4      | Reached XP level 6. HP: 29/51 MP: 6/8
  4015 | D:4      | Found a staircase to the Ecumenical Temple.
  4044 | D:4      | Noticed markstv's ghost (amateur HuIE)
  4045 | D:4      | Learned a level 1 spell: Beastly Appendage
  4071 | D:4      | Found a transporter.
  4074 | D:4      | Found a transporter.
  4713 | D:5      | Reached XP level 7. HP: 55/57 MP: 5/9
  4843 | D:5      | Found the +7 Singing Sword {vorpal, sonic wave}
  4857 | D:5      | Reached skill level 5 in Short Blades
  5968 | D:5      | Found a runed translucent door.
  5969 | D:5      | Noticed Crazy Yiuf
  5976 | D:5      | Killed Crazy Yiuf
  5979 | D:5      | Identified the +4 hammer of the Endless March {holy, SInv}
  6037 | D:6      | Found a sand-covered staircase.
  6044 | Ossuary  | Entered an ossuary
  6142 | Ossuary  | Reached XP level 8. HP: 15/63 MP: 10/10
  6568 | D:6      | Found a glowing drain.
  6616 | D:6      | HP: 3/94 [gnoll/+0 halberd[a gnoll bouda] (5)]
  6616 | D:6      | Slain by a gnoll

Illustrated notes

Levels and vault maps discovered:
D:1:      dpeg_arrival_tiny_d, layout_rooms
D:2:      layout_basic, dreamdust_ecumenical_altar_drowned_temple
D:3:      layout_basic, nicolae_ru_sacrificial_ziggurat, uniq_robin
D:4:      layout_loops_ring, temple_fountains, gammafunk_ghost_arena,
          minmay_quadrilaterals
D:5:      old_forge, layout_gridville, patterned_corridor,
          uniq_crazy_yiuf_cottage, uniq_ijyb
D:6:      layout_loops_cross, chequers_ossuary_entry_cave, portal_sewer_entry_a,
          serial_glass, glass_columns_a, glass_columns_c

Skill      XL: |  1  2  3  4  5  6  7  8 |
---------------+-------------------------+-----
Fighting       | 3 |  3.0
Short Blades   | 2 3 4 6 |  6.8
Dodging        | 2 |  2.1
Stealth        | 5 6 |  6.9
Evocations     | 1 2 3 |  3.1
Hexes          | 1 2 3 4 |  4.0

Action                   |  1- 3 |  4- 6 |  7- 9 || total
-------------------------+-------+-------+-------++-------
Melee: Short sword       |   107 |    42 |       ||   149
       Dagger            |       |   182 |   194 ||   376
       Kick              |       |     2 |       ||     2
       Punch             |       |     1 |     6 ||     7
       Headbutt          |       |     1 |       ||     1
       Mace              |       |       |    53 ||    53
Throw: Throwing net      |       |     1 |       ||     1
       Dart              |       |       |     6 ||     6
 Cast: Slow              |       |     3 |       ||     3
       Confusing Touch   |       |     1 |       ||     1
       Beastly Appendage |       |     1 |       ||     1
Evoke: Wand              |     6 |       |     4 ||    10
  Use: Scroll            |       |     4 |     7 ||    11
       Potion            |       |       |     2 ||     2
 Stab: Sleeping          |     3 |    15 |     9 ||    27
       Paralysed         |     3 |       |     2 ||     5
       Distracted        |     1 |     2 |       ||     3
       Confused          |       |     1 |       ||     1
Armor: Leather armour    |     4 |       |       ||     4
       Robe              |     9 |    38 |    69 ||   116
Dodge: Dodged            |    54 |   115 |   129 ||   298
Block: Other             |    18 |    50 |    45 ||   113
       Reflection        |       |       |     1 ||     1

Table legend: (Time is in decaauts)
 A = Elapsed time spent in this place.
 B = Non-inter-level travel time spent in this place.
 C = Inter-level travel time spent in this place.
 D = Time resting spent in this place.
 E = Time spent auto-exploring this place.
 F = Levels seen in this place.
 G = Mean time per level.
                   A        B        C        D        E       F      G
               +--------+--------+--------+--------+--------+-----+--------+
         Total |   6547 |   6337 |    210 |    826 |   3516 |   7 |  935.3 |
       Dungeon |   6071 |   5861 |    210 |    583 |   3516 |   6 | 1011.8 |
       Ossuary |    475 |    475 |      0 |    243 |      0 |   1 |  475.0 |
               +--------+--------+--------+--------+--------+-----+--------+

Top non-repeatable levels by time:
     D:5: 1593 daAuts
     D:3: 1265 daAuts
     D:4: 1241 daAuts
     D:2: 1185 daAuts
     D:1: 690 daAuts
 Ossuary: 475 daAuts
     D:6: 95 daAuts
